 Dungeon Crawl Stone Soup version 0.23-a0-554-gd3cbc8420a (webtiles) character file.

120 Allula97 the Shooter (level 5, 0/48 HPs)
             Began as a Naga Hunter on Dec 9, 2018.
             Slain by HELP's ghost (16 damage)
             ... on level 3 of the Dungeon.
             The game lasted 00:12:15 (1587 turns).

Allula97 the Shooter (Naga Hunter)                  Turns: 1587, Time: 00:12:16

Health: 0/48       AC:  3    Str: 15    XL:     5   Next: 4%
Magic:  6/6        EV: 10    Int: 11    God:
Gold:   83         SH:  0    Dex: 12    Spells: 5/5 levels left

rFire    . . .     SeeInvis +   a - +1 shortbow
rCold    . . .     Gourm    .   (shield currently unavailable)
rNeg     . . .     Faith    .   c - +0 leather armour
rPois    +         Spirit   .   (no helmet)
rElec    .         Reflect  .   (no cloak)
rCorr    .         Harm     .   (no gloves)
MR       .....                  (no barding)
Stlth    ++........             i - amulet of regeneration
HPRegen  0.56/turn              (no ring)
MPRegen  0.10/turn              (no ring)

@: short of breath, very slow
A: large, see invisible, deformed body, poison resistance, slowness 2, slow
metabolism 1, spit poison 1, AC +1
a: Spit Poison


You were on level 3 of the Dungeon.
You were hungry.

You visited 1 branch of the dungeon, and saw 3 of its levels.

You collected 83 gold pieces.

Inventory:

Hand Weapons
 a - a +1 shortbow (weapon)
 y - a +2 antimagic hand axe
Missiles
 d - 25 arrows (quivered)
 l - 58 bolts
Armour
 c - a +0 leather armour (worn)
 s - a +0 leather armour
Jewellery
 i - an amulet of regeneration (around neck)
Scrolls
 e - 2 scrolls of enchant weapon {unknown}
 g - 4 scrolls of remove curse
 h - a scroll of noise {unknown}
 j - a scroll of identify
 k - a scroll of teleportation
 u - a scroll of random uselessness {unknown}
Potions
 m - 2 potions of agility
 p - a potion of magic {unknown}
 r - a potion of might
Comestibles
 f - 4 rations
 x - 6 chunks of flesh


   Skills:
 * Level 2.9 Fighting
 * Level 4.1 Bows
 + Level 0.6 Armour
 * Level 2.3 Dodging
 * Level 3.5 Stealth
 - Level 0.8 Spellcasting


You had 5 spell levels left.
You didn't know any spells.
Your spell library was empty.

Dungeon Overview and Level Annotations

Branches:
Dungeon (3/15)

Altars:
Dithmenos
Kikubaaqudgha
Ru
Yredelemnul

Annotations:
D:2 2 transporters, Menkaure
D:3 HELP's ghost, weakling GrBe


Innate Abilities, Weirdness & Mutations

You cannot wear boots.
Your serpentine skin is tough. (AC +1)
You have supernaturally acute eyesight. (SInv)
Armour fits poorly on your strangely shaped body.
Your system is resistant to poisons. (rPois)
You cover ground very slowly.
You have a slow metabolism.
You can spit poison.


Message History

Okay, then.
You have got your breath back.
Press: ? - help, Shift-Dir - straight line, f/p - HELP's ghost
Aim: HELP's ghost, wielding a weapon of protection (heavily damaged)
The splash of poison hits HELP's ghost.
HELP's ghost completely resists.
HELP's ghost is heavily damaged.
You feel slightly more hungry. HELP's ghost barely misses you.
Firing (i - inventory)
d - 27 arrows (quivered)
Press: ? - help, Shift-Dir - straight line, f/p - HELP's ghost
Aim: HELP's ghost, wielding a weapon of protection (heavily damaged)
You shoot an arrow. The arrow barely misses HELP's ghost.
HELP's ghost barely misses you. HELP's ghost closely misses you.
Firing (i - inventory)
d - 26 arrows (quivered)
Press: ? - help, Shift-Dir - straight line, f/p - HELP's ghost
Aim: HELP's ghost, wielding a weapon of protection (heavily damaged)
You shoot an arrow.
The arrow hits HELP's ghost but does no damage.
HELP's ghost is heavily damaged.
HELP's ghost hits you!
You die...

#.#≈.#..+ ### ##..⌠≈#(.######..
#^((..'..........
##.≈#.(..######.#
#^..≈.#.......#.#
###.≈.#.......#.# #......
#.##^#...#####.###### #.....#
######W..##.).).....# +.....#
#....@..##"###.....# #..?..#
#...<....†...'.....# #.....#
##......##.###.....# #.....#
#.....#.##.........# ##.....###
#.#.###.##†........# ...()÷.).#
#.......##.........#
########)#.#......###........##
.# ###.#..........#.######. .#
#...###..........#


You could see HELP's ghost.

Vanquished Creatures
  An orc wizard (D:3)
  2 adders (D:2)
  An ooze (D:2)
  3 worms
  2 leopard geckos
  4 orcs (D:3)
  2 ball pythons
  3 giant cockroaches (D:1)
  6 goblins
  5 hobgoblins
  6 bats
  4 frilled lizards
  5 kobolds
  11 rats
55 creatures vanquished.

Notes
Turn   | Place    | Note
-------+----------+-------------------------------------------
     0 | D:1      | Allula97 the Naga Hunter began the quest for the Orb.
     0 | D:1      | Reached XP level 1. HP: 19/19 MP: 1/1
   160 | D:1      | Reached XP level 2. HP: 26/26 MP: 2/2
   676 | D:2      | Found a shadowy altar of Dithmenos.
   723 | D:2      | Reached XP level 3. HP: 21/32 MP: 3/3
   741 | D:2      | Found a basalt altar of Yredelemnul.
   742 | D:2      | Noticed Menkaure
   747 | D:2      | Found an ancient bone altar of Kikubaaqudgha.
   772 | D:2      | Found a sacrificial altar of Ru.
   790 | D:2      | Found a transporter.
   791 | D:2      | Found a transporter.
  1191 | D:2      | Reached XP level 4. HP: 40/40 MP: 4/4
  1263 | D:2      | Reached skill level 4 in Bows
  1495 | D:3      | Reached XP level 5. HP: 41/48 MP: 6/6
  1545 | D:3      | Found a large runed door.
  1546 | D:3      | Found a large runed door.
  1562 | D:3      | Noticed HELP's ghost (weakling GrBe)
  1587 | D:3      | Slain by HELP's ghost

Vault maps used:
D:1:      dpeg_arrival_short_road, minmay_distorted
D:2:      gammafunk_temple_of_torment, lemuel_crystal_altar,
          nicolae_dithmenos_through_a_glass_darkly
D:3:      ebering_ghost_disaster_area, uniq_sigmund

Skill      XL: |  1  2  3  4 |
---------------+-------------+-----
Stealth        | 2 3 |  3.5
Dodging        | 2 |  2.3
Bows           | 4 |  4.1
Fighting       | |  2.9
Armour         | |  0.6
Spellcasting   | |  0.8

Action                   |  1- 3 |  4- 6 || total
-------------------------+-------+-------++-------
 Fire: Shortbow          |   100 |    53 ||   153
 Abil: Spit Poison       |       |     5 ||     5
  Use: Scroll            |       |     3 ||     3
       Potion            |       |     1 ||     1
  Eat: Chunk             |       |     1 ||     1
Armor: Leather armour    |     8 |     5 ||    13
Dodge: Dodged            |    14 |    18 ||    32

Table legend:
 A = Non-vault XP
 B = Vault XP
 C = Vault XP percentage of total XP
 D = Non-vault monster count
 E = Vault monster count
 F = Vault count percentage of total count
                 A         B        C        D         E       F
            +---------+---------+-------+---------+---------+-------
      Total |     169 |       3 |   1.7 |      52 |       3 |   5.5
            +---------+---------+-------+---------+---------+-------
        D:1 |      23 |       3 |  11.5 |      15 |       3 |  16.7
        D:2 |      73 |       0 |   0.0 |      24 |       0 |   0.0
        D:3 |      73 |       0 |   0.0 |      13 |       0 |   0.0
            +---------+---------+-------+---------+---------+-------
